 Dungeon Crawl Stone Soup version 0.29-a0-830-gcb1280458a (webtiles) character file.

Game seed: 13897468345228221419

80 xian the Conjurer (level 3, -3/26 HPs)
             Began as a Demigod Conjurer on July 11, 2022.
             Slain by Sigmund
             ... wielding a +0 scythe
              (8 damage)
             ... on level 2 of the Dungeon.
             The game lasted 00:03:26 (1743 turns).

xian the Conjurer (Demigod Conjurer)                Turns: 1743, Time: 00:03:27

Health: -3/26      AC:  2    Str:  8    XL:     3   Next: 98%
Magic:  0/9        EV: 12    Int: 24    God:
Gold:   52         SH:  0    Dex: 12    Spells: 4/7 levels left

rFire   . . .      SeeInvis .   d - +3 dagger (drain)
rCold   . . .      Faith    .   (no shield)
rNeg    . . .      Spirit   .   a - +0 robe
rPois   .          Reflect  .   (no helmet)
rElec   .          Harm     .   (no cloak)
rCorr   .          Rampage  .   (no gloves)
Will    .....                   (no boots)
Stlth   ++........              (no amulet)
HPRegen 0.08/turn               (no ring)
MPRegen 0.11/turn               (no ring)

@: no status effects
A: high MP 1, forlorn, divine attributes
a: no special abilities


You were on level 2 of the Dungeon.
You visited 1 branch of the dungeon, and saw 2 of its levels.

You collected 52 gold pieces.

Inventory:

Hand Weapons
 d - a +3 dagger of draining (weapon)
Armour
 a - a +0 robe (worn)
Wands
 i - a wand of acid (11)
Scrolls
 h - a scroll of acquirement {unknown}
 j - a scroll of fear {unknown}
Potions
 b - a potion of magic
 c - 5 potions of might
 e - 2 potions of haste {unknown}
 f - a potion of heal wounds {unknown}
 g - a potion of brilliance


   Skills:
 + Level 2.2 Dodging
 + Level 1.9 Stealth
 + Level 2.5 Spellcasting
 + Level 4.4 Conjurations


You had 4 spell levels left.
You knew the following spells:

 Your Spells              Type           Power      Damage    Failure   Level
a - Magic Dart            Conj           96%        1d7       1%          1
b - Searing Ray           Conj           48%        2d6       2%          2

Your spell library contained the following spells:

 Spells                   Type           Power      Damage    Failure   Level
 Dazzling Flash           Conj/Hex       26%        N/A       14%         3
 Blink                    Tloc           6%         N/A       17%         2
 Lesser Beckoning         Tloc           3%         N/A       34%         3
 Fulminant Prism          Conj/Hex       6%         3d7       41%         4
 Iskenderun's Mystic Bla  Conj/Tloc      13%        2d5       41%         4
 Manifold Assault         Tloc           3%         N/A       97%         5


Dungeon Overview and Level Annotations

Branches:
Dungeon (2/15)

Annotations:
D:2 Sigmund


Innate Abilities, Weirdness & Mutations

You have an increased reservoir of magic. (+10% MP)
You shall have no god before yourself.
Your divine heritage dramatically boosts your attributes as you level up.


Message History

Sigmund casts a spell.
Sigmund flickers and vanishes!
Deactivating autopickup; reactivate with Ctrl-A.
The gnoll barely misses you.
Things that are here:
a +0 dagger; a goblin corpse The gnoll attacks as you move away!
The gnoll hits you with a +0 whip.
* * * LOW HITPOINT WARNING * * *
Casting: Searing Ray (safe; 3% risk of failure)
Confirm with . or Enter, or press ? or * to list all spells.
Aiming: Searing Ray (safe; 3% risk of failure)
Press: ? - help, Shift-Dir - straight line, f - gnoll
Aim: a gnoll, wielding a +0 halberd (moderately wounded, 81% to hit)
The searing ray hits the gnoll!
You kill the gnoll!
The searing ray hits the ball python!
You kill the ball python!
The searing ray hits the gnoll!
The gnoll is almost dead. (Press . to maintain the ray.)
The searing ray hits the gnoll!
You kill the gnoll!
You start resting.
You hear some strange, mumbled words.
Something tries to affect you, but you resist.
Casting: Searing Ray (safe; 2% risk of failure)
Confirm with . or Enter, or press ? or * to list all spells.
You can't see any susceptible monsters within range! (Use Z to cast anyway.)
Something hits you.
* * * LOW HITPOINT WARNING * * *
Casting: Searing Ray (safe; 2% risk of failure)
Confirm with . or Enter, or press ? or * to list all spells.
You can't see any susceptible monsters within range! (Use Z to cast anyway.)
Casting: Searing Ray (safe; 2% risk of failure)
Confirm with . or Enter, or press ? or * to list all spells.
Aiming: Searing Ray (safe; 2% risk of failure)
Press: ? - help, Shift-Dir - straight line (Press . to maintain the ray.)
Something hits you!
You die...

#.# #.......# #.# #.#
#.......###.#######
.......................
#############.########
#......#.............#
#.####.#.####.######.#
#.# #.#..<##........#
#.# #....############.
#.# #.....)))@........
#.# #....#############
#.# #....# #.####...S#
#.........# #########.#
#)# #.# #.#


There were no monsters in sight!

Vanquished Creatures
  3 gnolls (D:2)
  An adder (D:2)
  A dart slug (D:1)
  3 ball pythons (D:2)
  4 endoplasms (D:1)
  9 goblins
  4 hobgoblins
  3 jackals (D:1)
  2 quokkas (D:1)
  A frilled lizard (D:1)
  4 kobolds
35 creatures vanquished.

Notes
Turn   | Place    | Note
-------+----------+-------------------------------------------
     0 | D:1      | xian the Demigod Conjurer began the quest for the Orb.
     0 | D:1      | Reached XP level 1. HP: 14/14 MP: 5/5
   208 | D:1      | Reached XP level 2. HP: 20/20 MP: 0/7
   383 | D:1      | Reached skill level 4 in Conjurations
  1361 | D:2      | Reached XP level 3. HP: 15/26 MP: 8/8
  1366 | D:2      | Learned a level 2 spell: Searing Ray
  1723 | D:2      | Noticed Sigmund
  1743 | D:2      | Slain by Sigmund

Illustrated notes

Levels and vault maps discovered:
D:1:      scummos_arrival_star, layout_loops_corners,
          hellmonk_ecumenical_altar_prayer_group
D:2:      minmay_chambers_of_ones, layout_basic, uniq_sigmund, uniq_jessica

Skill      XL: |  1  2 |
---------------+-------+-----
Spellcasting   | 2 |  2.5
Conjurations   | 4 |  4.4
Dodging        | 2 |  2.2
Stealth        | |  1.9

Action                   || total
-------------------------++-------
Melee: Dagger            ||     7
 Cast: Magic Dart        ||    47
       Searing Ray       ||     3
  Use: Scroll            ||     5
Armor: Robe              ||     8
Dodge: Dodged            ||     7

Table legend: (Time is in decaauts)
 A = Elapsed time spent in this place.
 B = Non-inter-level travel time spent in this place.
 C = Inter-level travel time spent in this place.
 D = Time resting spent in this place.
 E = Time spent auto-exploring this place.
 F = Levels seen in this place.
 G = Mean time per level.
                   A        B        C        D        E       F      G
               +--------+--------+--------+--------+--------+-----+--------+
         Total |   1742 |   1742 |      0 |      2 |   1499 |   2 |  871.0 |
       Dungeon |   1742 |   1742 |      0 |      2 |   1499 |   2 |  871.0 |
               +--------+--------+--------+--------+--------+-----+--------+

Top non-repeatable levels by time:
     D:1: 1333 daAuts
     D:2: 408 daAuts
